 Dungeon Crawl Stone Soup version 0.29.1-15-g9cfb28693d (webtiles) character file.

Game seed: 17840914573684516786

9 Newt the Cutter (level 2, -5/22 HPs)
             Began as a Demonspawn Gladiator on Apr 10, 2023.
             Slain by a gnoll
             ... wielding a +0 halberd
              (11 damage)
             ... on level 2 of the Dungeon.
             The game lasted 00:00:13 (420 turns).

Newt the Cutter (Demonspawn Gladiator)               Turns: 420, Time: 00:00:14

Health: -5/22      AC:  3    Str: 14    XL:     2   Next: 6%
Magic:  2/2        EV: 12    Int:  9    God:
Gold:   11         SH:  0    Dex: 14    Spells: 1/1 levels left

rFire   . . .      SeeInvis .   a - +0 rapier
rCold   . . .      Faith    .   (no shield)
rNeg    . . .      Spirit   .   b - +0 leather armour
rPois   .          Reflect  .   (helmet restricted)
rElec   .          Harm     .   (no cloak)
rCorr   .          Rampage  .   (no gloves)
Will    .....                   (no boots)
Stlth   +.........              (no amulet)
HPRegen 0.07/turn               (no ring)
MPRegen 0.08/turn               (no ring)

@: no status effects
A: antennae 1
a: no special abilities


You were on level 2 of the Dungeon.
You visited 1 branch of the dungeon, and saw 2 of its levels.

You collected 11 gold pieces.

Inventory:

Hand Weapons
 a - a +0 rapier (weapon)
Missiles
 d - 3 throwing nets (quivered)
 e - a javelin
Armour
 b - a +0 leather armour (worn)
 c - a +0 helmet
Scrolls
 f - a scroll of identify {unknown}
 g - 3 scrolls of enchant armour {unknown}


   Skills:
 + Level 2.1 Fighting
 + Level 2.9 Short Blades
 + Level 1.7 Throwing
 + Level 0.3 Armour
 + Level 2.8 Dodging


You had one spell level left.
You didn't know any spells.
Your spell library contained the following spells:

 Spells                   Type           Power      Damage    Failure   Level
 Apportation              Tloc           0%         N/A       45%         1
 Necrotise                Necr           0%         1d4       45%         1
 Summon Small Mammal      Summ           0%         N/A       45%         1


Dungeon Overview and Level Annotations

Branches:
Dungeon (1/15)

Altars:


Innate Abilities, Weirdness & Mutations

You have a pair of small antennae on your head.


Message History

Your unstable footing causes you to fumble your attack.
The endoplasm closely misses you.
You barely miss the goblin. The endoplasm freezes you.
You are frozen.
The goblin hits you with a +0 club.
Your unstable footing causes you to fumble your attack.
The endoplasm jiggles.
The endoplasm hits you. The goblin hits you but does no damage.
A gnoll comes into view. It is wielding a +0 whip.
Your unstable footing causes you to fumble your attack.
The gnoll shouts!
The endoplasm splashes around in the water.
The goblin hits you with a +0 club. The gnoll closely misses you.
The frilled lizard bites you.
Your unstable footing causes you to fumble your attack.
The endoplasm splashes around in the water.
The goblin hits you but does no damage. The frilled lizard closely misses you.
The gnoll closely misses you. The gnoll hits you with a +0 whip.
The endoplasm closely misses you.
Your unstable footing causes you to fumble your attack.
The goblin barely misses you. The frilled lizard misses you.
The gnoll hits you from afar with a +0 halberd.
* * * LOW HITPOINT WARNING * * *
The endoplasm closely misses you.
You are too injured to fight recklessly!
You are too injured to fight recklessly!
You are too injured to fight recklessly!
You are too injured to fight recklessly!
You are too injured to fight recklessly!
You are too injured to fight recklessly!
You are too injured to fight recklessly!
You are too injured to fight recklessly!
You are too injured to fight recklessly!
You are too injured to fight recklessly!
Unknown command.
The endoplasm attacks as you move away! The endoplasm closely misses you.
The frilled lizard closely misses you.
The gnoll hits you from afar with a +0 halberd!
Ouch! That really hurt!
You die...

.....###......
.......#......#.
.................
............)..
..........#...
............#
............##
......gg.....#
.....g.l@.##.###
.......g#.##...## ###
......~J≈.####.[# #≈#
.......~~.# ##.###≈#
.......#~~# #..##≈#####
......##≈~######...≈.#...
...... #.≈.........~.....
###... .≈.......#.~.#...
##.. ≈≈.......#####...


You could see 3 gnolls, an endoplasm, a goblin and a frilled lizard.

Vanquished Creatures
  An endoplasm (D:1)
  A giant cockroach (D:1)
  A hobgoblin (D:1)
  3 jackals (D:1)
  A frilled lizard (D:1)
  A rat (D:1)
8 creatures vanquished.

Notes
Turn   | Place    | Note
-------+----------+-------------------------------------------
     0 | D:1      | Newt the Demonspawn Gladiator began the quest for the Orb.
     0 | D:1      | Reached XP level 1. HP: 16/16 MP: 1/1
   291 | D:1      | Gained mutation: You have a pair of small antennae on your
                  | head. [demonic ancestry]
   291 | D:1      | Reached XP level 2. HP: 22/22 MP: 2/2
   372 | D:1      | You fall into a shaft and drop 1 floor!
   420 | D:2      | Slain by a gnoll

Illustrated notes

Levels and vault maps discovered:
D:1:      tarquinn_simple_flora_water_d, layout_loops_corners, st_stairs_9
D:2:      layout_rooms, serial_rivers, chequers_serial_rivers_micro_a,
          chequers_serial_rivers_micro_b, chequers_serial_rivers_marsh,
          chequers_serial_rivers_micro_d, chequers_serial_rivers_small_a,
          chequers_serial_rivers_large_b, shapermc_ecumenical_altar_acropolis

Action                   || total
-------------------------++-------
Melee: Rapier            ||    40
Armor: Leather armour    ||    13
Dodge: Dodged            ||    37
